 Dungeon Sprint DCSS version 0.23-a0-629-gae4348f (webtiles) character file.

15722 Lanoc the Minotaur Blade (level 12, 0/122 HPs)
             Began as a Minotaur Berserker on Dec 26, 2018.
             Was the Champion of Trog.
             Slain by a troll (3 damage)
             ... in the Dungeon (Sprint IX: "|||||||||||||||||||||||||||||") on Dec 27, 2018.
             The game lasted 00:08:35 (1428 turns).

Lanoc the Minotaur Blade (Minotaur Berserker)       Turns: 1428, Time: 00:08:36

Health: 0/122      AC: 15    Str: 28    XL:     12   Next: 3%
Magic:  11/11      EV: 21    Int:  4    God:    Trog [******]
Gold:   1258       SH:  0    Dex: 15    Spells: 11/11 levels left

rFire    + . .     SeeInvis .   B - +3 triple sword (freeze)
rCold    . . .     Gourm    .   (shield currently unavailable)
rNeg     . . .     Faith    .   v - +2 ring mail {rF+}
rPois    .         Spirit   .   (helmet restricted)
rElec    .         Reflect  .   z - +0 cloak
rCorr    .         Harm     .   p - +0 pair of gloves
MR       .....     NoTele   +   A - +0 pair of boots
Stlth    +.........             (no amulet)
HPRegen  0.30/turn              s - +3 ring of dexterity
MPRegen  0.12/turn              t - +3 ring of strength

@: very slightly contaminated, invisible
A: retaliatory headbutt, horns 2
a: Berserk, Trog's Hand, Brothers in Arms, Renounce Religion


You were in the Dungeon.
You worshipped Trog.
Trog was exalted by your worship.
You were very hungry.

You visited 1 branch You collected 1258 gold pieces.

Inventory:

Hand Weapons
 a - a +2 scimitar of flaming
 o - a +2 scimitar of holy wrath
 q - a +5 antimagic great sword
 y - a +0 antimagic demon blade
 B - a +3 triple sword of freezing (weapon)
 C - a +4 great sword of protection
 D - a +1 antimagic triple sword
Armour
 p - a +0 pair of gloves (worn)
 v - a +2 ring mail of fire resistance (worn)
 z - a +0 cloak (worn)
 A - a +0 pair of boots (worn)
Jewellery
 s - a +3 ring of dexterity (left hand)
 t - a +3 ring of strength (right hand)
Wands
 m - a wand of iceblast (10)
Scrolls
 i - 3 scrolls of blinking
 j - 4 scrolls of enchant weapon
 l - 3 scrolls of remove curse
 n - a scroll of fear
 r - 2 scrolls of enchant armour
 w - a scroll of fog
Potions
 b - a potion of resistance
 d - 7 potions of curing
 f - a potion of haste
 g - 4 potions of magic
 h - a potion of berserk rage
 u - a potion of agility
Comestibles
 c - 11 rations
 x - 15 chunks of flesh


   Skills:
 + Level 16.2 Fighting
 * Level 21.4 Long Blades
 + Level 16.0 Armour
 + Level 14.9 Dodging


You had 11 spell levels left.
You didn't know any spells.
Your spell library was empty.

Dungeon Overview and Level Annotations

Branches:
Dungeon (1/1)

Altars:
Cheibriados
Dithmenos
Elyvilon
Fedhas
Gozag
Hepliaklqana
Kikubaaqudgha
Makhleb
Nemelex Xobeh
Okawaru
Qazlal
Ru
Sif Muna
Trog
Uskayaw
Vehumet
Wu Jian
Xom
Yredelemnul
Zin
The Shining One
Beogh
Jiyva
Lugonu

Shops:
D (!!(


Innate Abilities, Weirdness & Mutations

You reflexively headbutt those who attack you in melee.
You have a pair of horns on your head.


Message History

Trog accepts your kill.
Trog appreciates your killing of a magic user.
Your Armour skill increases to level 16!
You have reached level 12!
Your experience leads to an increase in your attributes!
Your base attributes are Str 24, Int 4, Dex 11.
Increase (S)trength, (I)ntelligence, or (D)exterity?
You feel stronger.
You feel agile.
You chop the troll into pieces!!! You freeze the troll.
You kill the troll!
Trog accepts your kill.
You slice the troll!! You freeze the troll!
The troll is almost dead.
The troll completely misses you. The troll barely misses you.
The troll misses you.
You closely miss the troll. Your headbutt misses the troll.
The troll is severely wounded.
You recover from your berserk rage.
The troll misses you. x2; The troll claws you.
You die...

..÷.÷....)÷)(....)|?.'___________
▓▓▓▓▓▓▓▓▓▓▓▓▓▓▓▓▓▓▓▓▓▓▓▓▓▓▓▓▓▓▓▓▓
.................................
▓▓▓▓▓▓▓▓▓▓▓▓▓▓▓▓▓▓▓▓▓▓▓▓▓▓▓▓▓▓▓▓▓
..[[[...'[[.)....÷).÷'.......÷)÷.
▓▓▓▓▓▓▓▓▓▓▓▓▓▓▓▓▓▓▓▓▓▓▓▓▓▓▓▓▓▓▓▓▓
.................................
▓▓▓▓▓▓▓▓▓▓▓▓▓▓▓▓▓▓▓▓▓▓▓▓▓▓▓▓▓▓▓▓▓
.∩.∩$TT@$)[)('......[[))
▓▓▓▓▓▓▓▓▓▓▓▓▓▓▓▓▓▓▓▓▓▓▓▓


You could see 2 trolls.

Vanquished Creatures
  A stone giant (D)
  Erolcha (D)
  A hydra (D)
  4 ogre magi (D)
  A two-headed ogre (D)
  A death yak (D)
  2 iron trolls (D)
  An unseen horror (D)
  2 deep trolls (D)
  2 orc knights (D)
  2 spiny frogs (D)
  A rime drake (D)
  A komodo dragon (D)
  An efreet (D)
  6 polar bears (D)
  2 trolls (D)
  A blink frog (D)
  A hippogriff (D)
  A yak (D)
  A wyvern (D)
  A hungry ghost (D)
  A porcupine (D)
  3 water moccasins (D)
  2 black bears (D)
  An ice beast (D)
  8 orc warriors (D)
  3 crocodiles (D)
  3 bullfrogs (D)
  A crimson imp (D)
  2 orc priests (D)
  9 orc wizards (D)
  2 iguanas (D)
  A worm (D)
  A leopard gecko (D)
  7 orcs (D)
  A bat (D)
  A bat skeleton (D)
  2 hobgoblins (D)
  2 jackals (D)
  A kobold (D)
85 creatures vanquished.

Notes
Turn   | Place    | Note
-------+----------+-------------------------------------------
     0 | D        | Lanoc the Minotaur Berserker began the quest for the Orb.
     0 | D        | Reached XP level 1. HP: 19/19 MP: 0/0
     6 | D        | Reached skill level 4 in Long Blades
    10 | D        | Reached ** piety under Trog
    56 | D        | Noticed a crimson imp
    61 | D        | Reached *** piety under Trog
    61 | D        | Reached XP level 2. HP: 27/27 MP: 1/1
    63 | D        | Reached skill level 5 in Long Blades
    64 | D        | Killed a crimson imp
    64 | D        | Reached skill level 5 in Fighting
    64 | D        | Reached skill level 6 in Long Blades
    64 | D        | Reached XP level 3. HP: 36/36 MP: 2/2
   114 | D        | Found a roughly hewn altar of Beogh.
   114 | D        | Found a snail-covered altar of Cheibriados.
   114 | D        | Found a shadowy altar of Dithmenos.
   114 | D        | Found a white marble altar of Elyvilon.
   114 | D        | Found a blossoming altar of Fedhas.
   114 | D        | Found an opulent altar of Gozag.
   115 | D        | Found a hazy altar of Hepliaklqana.
   116 | D        | Found a viscous altar of Jiyva.
   117 | D        | Found an ancient bone altar of Kikubaaqudgha.
   118 | D        | Found a corrupted altar of Lugonu.
   119 | D        | Found a burning altar of Makhleb.
   120 | D        | Found a sparkling altar of Nemelex Xobeh.
   121 | D        | Found an iron altar of Okawaru.
   122 | D        | Found a stormy altar of Qazlal.
   123 | D        | Found a sacrificial altar of Ru.
   124 | D        | Found a deep blue altar of Sif Muna.
   125 | D        | Found a bloodstained altar of Trog.
   126 | D        | Found a hide-covered altar of Uskayaw.
   127 | D        | Found a radiant altar of Vehumet.
   128 | D        | Found an ornate altar of the Wu Jian Council.
   129 | D        | Found a shimmering altar of Xom.
   130 | D        | Found a basalt altar of Yredelemnul.
   131 | D        | Found a glowing silver altar of Zin.
   132 | D        | Found a glowing golden altar of the Shining One.
   187 | D        | Noticed a two-headed ogre
   187 | D        | Noticed a yak
   187 | D        | Noticed an ice beast
   189 | D        | Reached **** piety under Trog
   189 | D        | Received a gift from Trog
   189 | D        | Reached skill level 7 in Long Blades
   189 | D        | Reached XP level 4. HP: 44/44 MP: 3/3
   190 | D        | Killed an ice beast
   190 | D        | Reached skill level 9 in Long Blades
   190 | D        | Reached skill level 5 in Dodging
   190 | D        | Reached XP level 5. HP: 51/51 MP: 4/4
   195 | D        | Killed a yak
   195 | D        | Reached skill level 10 in Long Blades
   195 | D        | Reached XP level 6. HP: 61/61 MP: 5/5
   200 | D        | Killed a two-headed ogre
   200 | D        | Reached ***** piety under Trog
   200 | D        | Reached skill level 10 in Fighting
   200 | D        | Reached skill level 13 in Long Blades
   200 | D        | Reached XP level 7. HP: 53/72 MP: 6/6
   354 | D        | Noticed a hungry ghost
   354 | D        | Noticed an efreet
   354 | D        | Noticed a wyvern
   356 | D        | Killed a wyvern
   356 | D        | Reached XP level 8. HP: 79/79 MP: 7/7
   361 | D        | Killed an unseen horror
   361 | D        | Reached skill level 14 in Long Blades
   361 | D        | Reached skill level 10 in Armour
   366 | D        | Killed an efreet
   366 | D        | Reached skill level 10 in Dodging
   369 | D        | Reached XP level 9. HP: 85/89 MP: 8/8
   608 | D        | Noticed a rime drake
   609 | D        | Reached skill level 15 in Long Blades
   611 | D        | Received a gift from Trog
   619 | D        | Killed a rime drake
   620 | D        | Reached ****** piety under Trog
   626 | D        | Reached skill level 16 in Long Blades
   629 | D        | Received a gift from Trog
   671 | D        | Noticed a spiny frog
   671 | D        | Noticed an eight-headed hydra
   671 | D        | Noticed a spiny frog
   672 | D        | Noticed a death yak
   675 | D        | Killed a spiny frog
   678 | D        | Noticed a komodo dragon
   680 | D        | Killed a seven-headed hydra
   680 | D        | Reached skill level 17 in Long Blades
   680 | D        | Reached XP level 10. HP: 100/100 MP: 2/9
   689 | D        | Killed a death yak
   692 | D        | Killed a spiny frog
   696 | D        | Received a gift from Trog
   828 | D        | Reached skill level 18 in Long Blades
   841 | D        | Received a gift from Trog
  1018 | D        | Noticed Erolcha
  1023 | D        | Killed Erolcha
  1054 | D        | Reached XP level 11. HP: 110/110 MP: 3/10
  1059 | D        | Received a gift from Trog
  1059 | D        | Reached skill level 19 in Long Blades
  1069 | D        | Received a gift from Trog
  1078 | D        | Received a gift from Trog
  1240 | D        | Noticed an orc knight
  1240 | D        | Noticed an orc knight
  1244 | D        | Killed an orc knight
  1248 | D        | Killed an orc knight
  1263 | D        | Received a gift from Trog
  1380 | D        | Found Rozoj's Weapon Boutique.
  1380 | D        | Noticed a deep troll
  1380 | D        | Noticed a deep troll
  1380 | D        | Noticed a stone giant
  1380 | D        | Noticed an ogre mage
  1382 | D        | Noticed an iron troll
  1384 | D        | Killed a stone giant
  1384 | D        | Reached skill level 15 in Fighting
  1385 | D        | Found Adazug's Distillery.
  1385 | D        | Noticed an ogre mage
  1387 | D        | Killed an ogre mage
  1387 | D        | Reached skill level 20 in Long Blades
  1387 | D        | Reached skill level 15 in Armour
  1388 | D        | Noticed an ogre mage
  1391 | D        | Killed a deep troll
  1391 | D        | Received a gift from Trog
  1393 | D        | Killed a deep troll
  1395 | D        | Found Naciskue's Distillery.
  1401 | D        | Killed an iron troll
  1402 | D        | Noticed an iron troll
  1404 | D        | Found Erphuguo's Weapon Shop.
  1404 | D        | Noticed an ogre mage
  1406 | D        | Killed an ogre mage
  1412 | D        | HP: 5/114 [ogre mage/crystal spear (44)]
  1412 | D        | Killed an ogre mage
  1412 | D        | Reached skill level 21 in Long Blades
  1419 | D        | Killed an iron troll
  1422 | D        | HP: 2/114 [ogre mage/bolt of lightning (29)]
  1424 | D        | Killed an ogre mage
  1424 | D        | Reached XP level 12. HP: 2/122 MP: 11/11
  1428 | D        | Slain by a troll

Vault maps used:
D:        linesprint

Skill      XL: |  1  2  3  4  5  6  7  8  9 10 11 |
---------------+----------------------------------+-----
Long Blades    | 4 6 7 9 10 13 14 17 18 21 | 21.4
Fighting       | 4 5 6 8 10 11 12 14 16 | 16.2
Armour         | 3 4 6 7 9 11 12 14 16 | 16.0
Dodging        | 3 4 5 6 8 9 10 11 13 14 | 14.9

Action                   |  1- 3 |  4- 6 |  7- 9 | 10-12 || total
-------------------------+-------+-------+-------+-------++-------
Melee: Falchion          |    13 |       |       |       ||    13
       Headbutt          |     1 |     4 |    10 |    36 ||    51
       Scimitar          |     1 |     9 |    33 |    18 ||    61
       Demon blade       |       |       |       |    48 ||    48
       Triple sword      |       |       |       |    55 ||    55
Invok: Berserk           |     3 |       |     3 |     4 ||    10
  Use: Potion            |       |       |       |     8 ||     8
 Stab: Invisible         |       |       |       |     3 ||     3
  Eat: Chunk             |       |       |     4 |     6 ||    10
Armor: Animal skin       |     1 |       |       |       ||     1
       Ring mail         |       |       |     9 |    31 ||    40
Dodge: Dodged            |     5 |     4 |    29 |    89 ||   127
       Rpst.: Scimitar   |     1 |     1 |     9 |     4 ||    15
       Demon blade       |       |       |       |     3 ||     3
       Triple sword      |       |       |       |    13 ||    13

Table legend:
 A = Non-vault XP
 B = Vault XP
 C = Vault XP percentage of total XP
 D = Non-vault monster count
 E = Vault monster count
 F = Vault count percentage of total count
                 A         B        C        D         E       F
            +---------+---------+-------+---------+---------+-------
      Total |       0 |   22460 | 100.0 |       0 |      85 | 100.0
            +---------+---------+-------+---------+---------+-------
          D |       0 |   22460 | 100.0 |       0 |      85 | 100.0
            +---------+---------+-------+---------+---------+-------
